 Dungeon Crawl Stone Soup version 0.26-a0-712-ga5a9c9c9d0 (webtiles) character file.

Game seed: 11893501052303674798

21 kae the Poker (level 2, -2/23 HPs)
             Began as a Merfolk Gladiator on Nov 12, 2020.
             Slain by an adder (3 damage)
             ... on level 2 of the Dungeon.
             The game lasted 00:00:18 (946 turns).

kae the Poker (Merfolk Gladiator)                    Turns: 946, Time: 00:00:18

Health: -2/23      AC:  4    Str: 14    XL:     2   Next: 87%
Magic:  2/2        EV: 14    Int:  7    God:
Gold:   86         SH:  0    Dex: 15    Spells: 1/1 levels left

rFire    . . .     SeeInvis .   a - +0 trident
rCold    . . .     Faith    .   (no shield)
rNeg     . . .     Spirit   .   b - +0 leather armour
rPois    .         Reflect  .   c - +0 helmet
rElec    .         Harm     .   (no cloak)
rCorr    .         Rampage  .   (no gloves)
MR       .....                  (no boots)
Stlth    +.........             (no amulet)
HPRegen  0.07/turn              (no ring)
MPRegen  0.08/turn              (no ring)

@: slowed, very slow
A: change form in water, swift swim, stealthy swim
a: no special abilities


You were on level 2 of the Dungeon.
You visited 1 branch of the dungeon, and saw 2 of its levels.

You collected 86 gold pieces.

Inventory:

Hand Weapons
 a - a +0 trident (weapon)
Missiles
 d - 3 throwing nets (quivered)
Armour
 b - a +0 leather armour (worn)
 c - a +0 helmet (worn)
Jewellery
 e - an uncursed ring of protection from magic {unknown}
Scrolls
 f - a scroll of amnesia {unknown}
 g - a scroll of fear {unknown}
 i - 2 scrolls of teleportation {unknown}
 j - a scroll of identify {unknown}
Potions
 h - a potion of resistance {unknown}


   Skills:
 + Level 2.7 Fighting
 * Level 5.4 Polearms
 - Level 2.0 Throwing
 - Level 4.0 Dodging


You had one spell level left.
You didn't know any spells.
Your spell library was empty.

Dungeon Overview and Level Annotations

Branches:
Dungeon (2/15)

Altars:

Annotations:
D:2 Natasha


Message History

The puff of frost hits you! Natasha casts a spell at you.
The magic dart hits you. The adder bites you but does no damage.
The white imp hits you but does no damage.
Natasha casts a spell.
You are too injured to fight recklessly!
There are monsters nearby!
You are too injured to fight recklessly!
You are too injured to fight recklessly!
Unknown command.
You puncture Natasha!
Natasha is heavily wounded.
The adder barely misses you. Natasha casts a spell at you.
You resist with significant effort. The white imp gestures at you.
The puff of frost hits you!
* * * LOW HITPOINT WARNING * * *
The adder bites you.
You die...

##. . #.. . .
... .# .# # ..
.##.
#.##.##...
##.......##
#.........#.#
#....5@.....#
....#.Sh5..#.#
. #.....##
#.......
#..#.##.# #).
.# .# ... .. #
###. ##


You could see an iron imp (summoned), Natasha (fast), an adder and a white imp
(summoned).

Vanquished Creatures
  An ooze (D:1)
  A dart slug (D:1)
  A ball python (D:1)
  2 bats (D:1)
  A goblin (D:1)
  2 hobgoblins (D:1)
  2 kobolds (D:1)
  5 rats (D:1)
15 creatures vanquished.

Notes
Turn   | Place    | Note
-------+----------+-------------------------------------------
     0 | D:1      | kae the Merfolk Gladiator began the quest for the Orb.
     0 | D:1      | Reached XP level 1. HP: 16/16 MP: 1/1
   192 | D:1      | Reached XP level 2. HP: 23/23 MP: 2/2
   244 | D:1      | Reached skill level 5 in Polearms
   936 | D:2      | Noticed Natasha
   946 | D:2      | HP: 1/23 [white imp/puff of frost[Natasha] (9)]
   946 | D:2      | Slain by an adder

Illustrated notes

Levels and vault maps discovered:
D:1:      eino_arrival_cavern_b, layout_basic
D:2:      layout_loops_cross, xom_redecorated, serial_glass, glass_columns_a,
          glass_columns_a, hangedman_decor_clover_reticule, minmay_tall_x,
          uniq_natasha, uniq_robin

Skill      XL: |  1  2 |
---------------+-------+-----
Polearms       | 5 |  5.4
Fighting       | |  2.7
Throwing       | |  2.0
Dodging        | |  4.0

Action                   || total
-------------------------++-------
Melee: Trident           ||    67
Armor: Leather armour    ||    23
Dodge: Dodged            ||    43

Table legend: (Time is in decaauts)
 A = Elapsed time spent in this place.
 B = Non-inter-level travel time spent in this place.
 C = Inter-level travel time spent in this place.
 D = Time resting spent in this place.
 E = Time spent auto-exploring this place.
 F = Levels seen in this place.
 G = Mean time per level.
                   A        B        C        D        E       F      G
               +--------+--------+--------+--------+--------+-----+--------+
         Total |    944 |    896 |     48 |      0 |    777 |   2 |  472.0 |
       Dungeon |    944 |    896 |     48 |      0 |    777 |   2 |  472.0 |
               +--------+--------+--------+--------+--------+-----+--------+

Top non-repeatable levels by time:
     D:1: 933 daAuts
     D:2: 10 daAuts
